 Dungeon Crawl Stone Soup version 0.25-a0-443-gece2dee8bd (webtiles) character file.

Game seed: 7926262781678360798, levelgen mode: deterministic

1957 Roikka the Scholar of Death (level 8, -7/61 HPs)
             Began as a Mummy Necromancer on Jan 30, 2020.
             Was a Follower of Kikubaaqudgha.
             Mangled by a hippogriff (13 damage)
             ... on level 7 of the Dungeon.
             The game lasted 00:24:13 (7975 turns).

Roikka the Scholar of Death (Mummy Necromancer)     Turns: 7975, Time: 00:24:14

Health: -7/61      AC:  4    Str: 11    XL:     8   Next: 99%
Magic:  14/18      EV: 12    Int: 17    God:    Kikubaaqudgha [*.....]
Gold:   632        SH:  0    Dex: 12    Spells: 4/21 levels left

rFire    . . .     SeeInvis .   a - +6 whip of Vattasyu {venom, +Inv rElec rPois rC-}
rCold    + . .     Gourm    .   (no shield)
rNeg     + + +     Faith    .   e - +0 robe
rPois    ∞         Spirit   .   d - +1 helmet
rElec    +         Reflect  .   l - scarf {rC+ rF+}
rCorr    .         Harm     .   (no gloves)
MR       +....                  (no boots)
Stlth    +.........             (no amulet)
HPRegen  0.20/turn              (no ring)
MPRegen  0.16/turn              (no ring)

@: studying Dodging, very slow
A: no food or potions, fire vulnerability, cold resistance 1, negative energy
resistance 3, torment resistance, unbreathing
a: Receive Corpses, Renounce Religion, Evoke Invisibility


You were on level 7 of the Dungeon.
You worshipped Kikubaaqudgha.
Kikubaaqudgha was aware of your devotion.
You were not hungry.

You visited 2 branches of the dungeon, and saw 8 of its levels.
You also visited: Ossuary.

You collected 827 gold pieces.
You spent 23 gold pieces at shops.
You paid 172 gold pieces to Gozag.

Inventory:

Hand Weapons
 a - the +6 whip of Vattasyu (weapon) {venom, +Inv rElec rPois rC-}
   (You took it off an orc on level 4 of the Dungeon)

   It poisons the flesh of those it strikes.
   It makes you vulnerable to cold.
   It insulates you from electricity.
   It protects you from poison.
   It lets you turn invisible.
 f - a +1 vampiric flail
Armour
 d - a +1 helmet (worn)
 e - a +0 robe (worn)
 j - a +0 shield
 l - a scarf of resistance (worn)
Jewellery
 g - an uncursed ring of ice
Wands
 k - a wand of iceblast (9)
Scrolls
 b - 4 scrolls of fog
 c - 8 scrolls of identify
 h - a scroll of remove curse
 i - 4 scrolls of enchant weapon
 m - a scroll of teleportation
 q - a scroll of blinking
 s - a scroll of magic mapping
Books
 n - a manual of Dodging


   Skills:
 + Level 4.8 Fighting
 + Level 3.1 Maces & Flails
 + Level 2.2 Dodging
 - Level 1.5 Stealth
 + Level 7.1 Spellcasting
 + Level 3.4 Conjurations
 + Level 7.7 Necromancy


You had 4 spell levels left.
You knew the following spells:

 Your Spells              Type           Power        Failure   Level  Hunger
a - Pain                  Necr           ####         1%          1    N/A
b - Animate Skeleton      Necr           N/A          1%          1    N/A
c - Vampiric Draining     Necr           ####......   1%          3    N/A
d - Animate Dead          Necr           N/A          4%          4    N/A
e - Agony                 Necr           ####....     13%         5    N/A
f - Magic Dart            Conj           ###.         2%          1    N/A
g - Corpse Rot            Necr/Air       N/A          3%          2    N/A

Your spell library contained the following spells:

 Spells                   Type           Power        Failure   Level  Hunger
 Searing Ray              Conj           ###...       4%          2    N/A
 Dazzling Flash           Conj/Hex       ##....       17%         3    N/A
 Fulminant Prism          Conj/Hex       ##........   50%         4    N/A
 Iskenderun's Mystic Bla  Conj/Tloc      ##......     50%         4    N/A

Dungeon Overview and Level Annotations

Branches:
Dungeon (7/15)             Temple (1/1) D:5         Ossuary (visited)

Altars:
Ashenzari
Cheibriados
Dithmenos
Elyvilon
Gozag
Hepliaklqana
Kikubaaqudgha
Makhleb
Nemelex Xobeh
Okawaru
Qazlal
Ru
Trog
Uskayaw
Yredelemnul
The Shining One

Shops:
D:6 *   D:7 (

Annotations:
D:7 Joseph


Innate Abilities, Weirdness & Mutations

You do not eat or drink.
Your flesh is vulnerable to fire.
You are immune to poison.
Your flesh is cold resistant. (rC+)
You are immune to negative energy. (rN+++)
You are immune to unholy pain and torment.
You can survive without breathing.


Message History

Aim: Joseph, wielding a +2 hunting sling of flaming, wearing a +0 ring mail and quivering 26 sling bullets (lightly wounded, chance to defeat MR: 71%) Joseph struggles to resist.
Casting: Pain (safe; 1% risk of failure)
Confirm with . or Enter, or press ? or * to list all spells.
Aiming: Pain (safe; 1% risk of failure)
Press: ? - help, Shift-Dir - straight line, f/p - Joseph
Aim: Joseph, wielding a +2 hunting sling of flaming, wearing a +0 ring mail and quivering 26 sling bullets (lightly wounded, chance to defeat MR: 71%) Joseph writhes in agony!
The hippogriff rages.
Casting: Pain (safe; 1% risk of failure)
Confirm with . or Enter, or press ? or * to list all spells.
Aiming: Pain (safe; 1% risk of failure)
Press: ? - help, Shift-Dir - straight line, f/p - Joseph
Aim: Joseph, wielding a +2 hunting sling of flaming, wearing a +0 ring mail and quivering 26 sling bullets (lightly wounded, chance to defeat MR: 71%) Joseph writhes in agony.
The hippogriff barely misses you. The hippogriff pecks you!
* * * LOW HITPOINT WARNING * * *
The hippogriff claws you!
You die...
Kikubaaqudgha rasps: "You have failed me!
Welcome... oblivion!"

#........[..#.........##.
........###...........#
..........#...##.......
..... #..#....#..#....
#...##.....##..##...
#...#...(.## ...#
.#..≈(≈#...# #...
##≈≈(≈≈..## ##.
#.≈≈∩@H..#
.....≈≈≈≈≈s.....
.#....≈≈≈.......
##........@....
...............
..#.............
..#.............
..............


You could see Joseph, a hippogriff (berserk) and a giant cockroach.

Vanquished Creatures
  Sigmund (D:2)
  Edmund (D:4)
  An ice beast (D:5)
  A centaur (D:6)
  2 ogres (D:6)
  A bullfrog (D:7)
  2 scorpions
  2 crimson imps
  2 bullfrog zombies
  A centaur zombie (D:5)
  2 orc priests
  6 hounds
  3 orc wizards
  2 bullfrog skeletons
  A centaur skeleton (D:5)
  Natasha (thrice) (D:2)
  An iguana (D:6)
  7 worker ants
  8 mummies (Ossuary)
  4 worker ant zombies
  5 adders
  2 worms
  4 dart slugs
  2 leopard geckos (D:4)
  23 orcs
  2 bats
  5 giant cockroaches
  3 gnoll zombies (Ossuary)
  3 goblins
  7 hobgoblins
  7 jackals
  2 kobolds
  2 quokkas (D:6)
  2 ball pythons
  2 frilled lizards
  A hobgoblin zombie (Ossuary)
  3 kobold zombies (Ossuary)
  A leopard gecko skeleton (D:5)
  An orc zombie (Ossuary)
  5 rats
133 creatures vanquished.

Vanquished Creatures (collateral kills)
  An ogre (D:6)
  A worker ant (D:4)
  An adder (D:4)
  An orc (D:4)
  A hobgoblin (D:2)
  2 rats
7 creatures vanquished.

Grand Total: 140 creatures vanquished

Notes
Turn   | Place    | Note
-------+----------+-------------------------------------------
     0 | D:1      | Roikka the Mummy Necromancer began the quest for the Orb.
     0 | D:1      | Reached XP level 1. HP: 13/13 MP: 4/4
   280 | D:1      | Learned a level 1 spell: Animate Skeleton
   469 | D:1      | Reached XP level 2. HP: 19/19 MP: 3/6
   958 | D:2      | Noticed Natasha
   962 | D:2      | Killed Natasha
   962 | D:2      | Reached XP level 3. HP: 24/24 MP: 2/8
  1089 | D:2      | Learned a level 3 spell: Vampiric Draining
  1131 | D:2      | Noticed Natasha
  1134 | D:2      | Killed Natasha
  1134 | D:2      | Reached skill level 5 in Necromancy
  1134 | D:2      | Reached XP level 4. HP: 30/30 MP: 5/9
  1419 | D:2      | Noticed Sigmund
  1426 | D:2      | Killed Sigmund
  1426 | D:2      | Reached XP level 5. HP: 13/35 MP: 3/12
  1710 | D:2      | Learned a level 4 spell: Animate Dead
  1743 | D:2      | Found a sparkling altar of Nemelex Xobeh.
  1815 | D:2      | Noticed Natasha
  1819 | D:2      | Killed Natasha
  1819 | D:2      | Reached XP level 6. HP: 42/42 MP: 9/13
  1980 | D:3      | Reached skill level 5 in Spellcasting
  2017 | D:3      | Found a hide-covered altar of Uskayaw.
  2606 | D:3      | Reached skill level 1 in Fighting
  2654 | D:3      | Learned a level 5 spell: Agony
  3053 | D:4      | Found a shattered altar of Ashenzari.
  3056 | D:4      | Identified the +6 whip of Vattasyu {venom, +Inv rElec rPois
                  | rC-}
  3075 | D:4      | Learned a level 1 spell: Magic Dart
  3234 | D:4      | Found a shadowy altar of Dithmenos.
  3500 | D:4      | Noticed Edmund
  3524 | D:4      | Killed Edmund
  3524 | D:4      | Reached XP level 7. HP: 17/51 MP: 8/15
  3852 | D:5      | Entered Level 5 of the Dungeon
  3910 | D:5      | Identified a scroll of acquirement
  3910 | D:5      | Identified the Grimoire of Bewitching Changing (You
                  | acquired it on level 5 of the Dungeon)
  3962 | D:5      | Reached skill level 1 in Conjurations
  3996 | D:5      | Reached skill level 1 in Maces & Flails
  4083 | D:5      | Found a sand-covered staircase.
  4089 | Ossuary  | Entered an ossuary
  5147 | D:5      | Found a staircase to the Ecumenical Temple.
  5154 | Temple   | Entered the Ecumenical Temple
  5447 | Temple   | Became a worshipper of Gozag Ym Sagoz the Greedy
  5663 | D:5      | Reached XP level 8. HP: 36/60 MP: 17/17
  6735 | D:6      | Found Inohya's Assorted Antiques.
  6744 | D:6      | Bought a scroll labeled WUZAGI QUNOSY for 23 gold pieces
  6834 | D:6      | Found an iron altar of Okawaru.
  7004 | D:6      | Found an ancient bone altar of Kikubaaqudgha.
  7009 | D:6      | Fell from the grace of Gozag
  7009 | D:6      | Became a worshipper of Kikubaaqudgha
  7401 | D:7      | Found a snail-covered altar of Cheibriados.
  7427 | D:6      | HP: 3/61 [yak (18)]
  7790 | D:7      | Found Heluwit's Antique Weapon Shoppe.
  7811 | D:7      | Reached * piety under Kikubaaqudgha
  7811 | D:7      | Identified Kikubaaqudgha's Grimoire of Evil (Kikubaaqudgha
                  | gifted it to you on level 7 of the Dungeon)
  7811 | D:7      | Received a gift from Kikubaaqudgha
  7816 | D:7      | Learned a level 2 spell: Corpse Rot
  7967 | D:7      | Noticed Joseph
  7971 | D:7      | Noticed a hippogriff
  7975 | D:7      | Mangled by a hippogriff

Levels and vault maps discovered:
D:1:      dpeg_arrival_fog, layout_loops_ring
D:2:      layout_loops_cross, nemelex_xobeh_ov_fountains_minmay, uniq_sigmund,
          uniq_natasha
D:3:      layout_basic, lemuel_crystal_altar, first_ration, minmay_box_of_dots
D:4:      layout_basic, lemuel_round_altar,
          nicolae_dithmenos_through_a_glass_darkly, uniq_edmund
D:5:      layout_loops_corners, minmay_temple_entry_gardened_gates,
          enter_ossuary_3
D:6:      layout_rooms, okawaru_gym_becter, lemuel_doored_altar, serial_shops,
          nicolae_shop_overgrown_old_shop, minmay_manual_mandibuliform
D:7:      layout_cave_pools, cheibriados_altar_1, serial_shops,
          nicolae_shop_waterfront, uniq_joseph
Temple:   compressed_dpeg_triangle_lava_temple

Skill      XL: |  1  2  3  4  5  6  7  8 |
---------------+-------------------------+-----
Spellcasting   | 3 4 5 6 7 |  7.1
Necromancy     | 5 6 7 |  7.7
Fighting       | 2 3 4 |  4.8
Conjurations   | 2 3 |  3.4
Maces & Flails | 1 3 |  3.1
Dodging        | 2 |  2.2
Stealth        | |  1.5

Action                   |  1- 3 |  4- 6 |  7- 9 || total
-------------------------+-------+-------+-------++-------
Melee: Unarmed           |     2 |       |       ||     2
       Club              |     4 |       |       ||     4
       Short sword       |     6 |    32 |       ||    38
       Whip              |       |    24 |   263 ||   287
       Flail             |       |    20 |       ||    20
 Cast: Pain              |    40 |    64 |    32 ||   136
       Animate Skeleton  |     4 |     6 |       ||    10
       Animate Dead      |       |    11 |     4 ||    15
       Magic Dart        |       |     1 |    93 ||    94
       Vampiric Draining |       |       |     3 ||     3
  Use: Scroll            |       |     6 |    11 ||    17
 Stab: Sleeping          |     1 |     1 |     2 ||     4
Armor: Robe              |     2 |    18 |    40 ||    60
Dodge: Dodged            |     5 |    55 |   147 ||   207

Table legend:
 A = Non-vault XP
 B = Vault XP
 C = Vault XP percentage of total XP
 D = Non-vault monster count
 E = Vault monster count
 F = Vault count percentage of total count
                 A         B        C        D         E       F
            +---------+---------+-------+---------+---------+-------
      Total |    2122 |     674 |  24.1 |     113 |      27 |  19.3
            +---------+---------+-------+---------+---------+-------
        D:1 |      13 |       0 |   0.0 |       8 |       0 |   0.0
        D:2 |     110 |     259 |  70.2 |      16 |       2 |  11.1
        D:3 |      77 |       6 |   7.2 |      14 |       4 |  22.2
        D:4 |     216 |     157 |  42.1 |      17 |       1 |   5.6
        D:5 |     707 |       0 |   0.0 |      22 |       0 |   0.0
        D:6 |     772 |      99 |  11.4 |      27 |       4 |  12.9
        D:7 |     227 |       0 |   0.0 |       9 |       0 |   0.0
    Ossuary |       0 |     153 | 100.0 |       0 |      16 | 100.0
            +---------+---------+-------+---------+---------+-------
